AoeStats
← AOE2.GG | NONO

Lombardia

510270410Analyzed
4v4 RM · 22h ago on Sep 30, 2026· 39m 30s· 8 players
Game mode
Random Map
Map size
Large (8 player)
Population
200
Speed
Normal
Resources
Standard
Victory
Conquest
Starting age
Dark Age
Ending age
Imperial Age
RankedLock teamsTeams togetherTeam positionsShared explorationLock speedFull tech treeHidden civsTurbo modeCheats
Victory
Defeat
🇨🇳 Ethiopians · China
1430
+13
🇹🇼 Persians · Taiwan
1414
+13
🇪🇸 Goths · Spain
1340
+16
🇨🇳 Danes · China
1299
+19
🇩🇪 Khmer · Germany
1371
-16
🇨🇳 Italians · China
1361
-16
🇨🇳 Magyars · China
1345
-15
🇭🇰 Poles · Hong Kong SAR China
1333
-14
AOE2.GG | NONO
8:19 Loom
10:39 Feudal Age
15:05 Castle Age
13:10 Double-Bit Axe
14:31 Horse Collar
23:02 Bow Saw
24:02 Wheelbarrow
23:32 Stone Mining
29:20 Imperial Age
27:55 Hand Cart
28:14 Fortified Wall
28:00 Town Watch
28:53 Ballistics
28:35 Gold Mining
28:50 Heavy Plow
30:54 Conscription
31:15 Scale Barding Armor
32:04 Double Crossbow
32:25 Chain Barding Armor
32:11 Elite Ballista Elephant
34:43 Chemistry
36:33 Hoardings
36:16 Tusk Swords
棒总
7:05 Loom
12:47 Feudal Age
拿捏木村
6:02 Loom
8:50 Feudal Age
9:48 Double-Bit Axe
9:44 Horse Collar
11:37 Horse Collar
T - T
11:08 Feudal Age
12:02 Loom
15:38 Castle Age
pauito79_ator
5:07 Loom
11:05 Feudal Age
11:36 Double-Bit Axe
13:03 Town Watch
14:45 Wheelbarrow
13:53 Horse Collar
20:19 Castle Age
18:41 Gold Mining
19:30 Stone Mining
22:14 Bow Saw
25:45 Scale Mail Armor
26:44 Stone Shaft Mining
27:52 Chain Mail Armor
27:47 Forging
27:39 Squires
28:44 Heavy Plow
29:48 Anarchy
30:46 Hand Cart
30:32 Town Patrol
33:57 Imperial Age
33:59 Elite Huskarl
35:00 Conscription
35:18 Iron Casting
34:34 Fletching
35:41 Crop Rotation
LuLALa
4:55 Loom
11:56 Feudal Age
12:47 Double-Bit Axe
13:09 Horse Collar
17:58 Castle Age
18:55 Bow Saw
20:54 Heavy Plow
22:23 Wheelbarrow
31:43 Imperial Age
28:59 Town Watch
30:18 Fletching
30:28 Padded Archer Armor
30:40 Scale Barding Armor
30:46 Forging
30:56 Hand Cart
32:04 Town Patrol
32:53 Chain Barding Armor
32:33 Scale Mail Armor
32:55 Bodkin Arrow
33:15 Leather Archer Armor
32:53 Gold Mining
32:54 Stone Mining
33:28 Caravan
33:58 Coinage
33:39 Guilds
33:35 Onager
34:53 Plate Barding Armor
34:54 Iron Casting
34:20 Husbandry
34:30 Bloodlines
36:32 Chain Mail Armor
37:00 Ring Archer Armor
36:09 Capped Ram
37:45 Ballistics
38:26 Chemistry
37:37 Masonry
37:24 Murder Holes
37:22 Guard Tower
37:23 Heated Shot
38:42 Two-Man Saw
38:19 Gold Shaft Mining
38:19 Stone Shaft Mining
39:58 Blast Furnace
Pol Pot·波尔布特
5:22 Loom
11:31 Feudal Age
12:43 Double-Bit Axe
15:31 Castle Age
14:15 Horse Collar
16:48 Bow Saw
17:20 Heavy Plow
21:05 Wheelbarrow
22:49 Stone Mining
22:59 Gold Mining
25:20 Hand Cart
24:51 Town Watch
26:30 Stone Shaft Mining
26:33 Gold Shaft Mining
26:29 Scale Mail Armor
26:40 Forging
27:52 Scale Barding Armor
28:02 Chain Mail Armor
27:39 Arson
27:55 Squires
27:40 Gambesons
29:50 Iron Casting
29:06 Fletching
38:16 Imperial Age
35:58 Hamask
38:20 Elite Jomsviking
40:09 Blast Furnace
39:39 Plate Mail Armor
40:14 Conscription
耀耀宝宝亲亲
7:14 Loom
9:53 Feudal Age
11:26 Double-Bit Axe
12:40 Fletching
Connection lost

Rejoining the realm…

Still unreachable

The connection could not be restored.

Session expired

The server has moved on; the page needs a fresh start.